cohdb
Replays
Latest Replays
All Replays
Popular Replays
Top Player Replays
Match Explorer
How It Works
Community
CoH3 Stats
Reddit
Sign in to upload your games and track your stats! →
Sign in with Steam
Match 43686842
Unlisted
Match 43686842
Overview
Messages
Build Orders
End
Kettenkrad Recon Vehicle
Construct Infanterie Kompanie
Selects Terror Battlegroup
Selects Machine Gun Camouflage
MG 42 Machine Gun Team
GrW 34 Mortar Team
MG 42 Machine Gun Team
Grenadier Squad
Construct Luftwaffe Kompanie
221 Scout Car
Jäger Squad
Flak 30 Anti-aircraft Gun Team
Pioneer Squad
Support Elements
Selects Contempt for the Weak
Selects Propaganda Leaflet Drop
Wirbelwind Flakpanzer
Jäger Squad
Pioneer Squad
Marder III M Tank Destroyer
Propaganda Leaflet Drop
Construct Panzergrenadier Kompanie
Nebelwerfer 42 Rocket Launcher Team
251 Medium Carrier
Jäger Squad
Pioneer Squad
StuG III G Assault Gun
251 Medium Carrier
Pioneer Squad
Guderian ITA
Fajolada
Marchino
SirHilaryManfat
John
sady2
0
0
Comments
sign in to comment!
No comments posted yet!